 Dungeon Crawl Stone Soup version 0.30-a0-936-ge0d47acfc0 (webtiles) character file.

Game seed: 15258193953243784892

107 Andrea the Magician (level 4, 0/34 HPs)
             Began as a Gnoll Wanderer on Mar 24, 2023.
             Slain by a sleepcap (3 damage)
             ... on level 4 of the Dungeon.
             The game lasted 00:05:38 (3295 turns).

Andrea the Magician (Gnoll Wanderer)                Turns: 3295, Time: 00:05:38

Health: 0/34       AC: 12    Str: 11    XL:     4   Next: 85%
Magic:  11/11      EV:  2    Int: 11    God:
Gold:   188        SH:  0    Dex: 14    Spells: 13/13 levels left

rFire   + . .      SeeInvis .    a - +0 short sword (venom)
rCold   . . .      Faith    .    (no shield)
rNeg    . . .      Spirit   .    o - +0 plate armour
rPois   .          Reflect  .    (no helmet)
rElec   .          Rampage  .    g - +0 cloak
rCorr   .                        t - +0 pair of gloves
Will    .....                    (no boots) Stlth
                                 (no amulet)
HPRegen 0.25/turn                m - ring of protection from fire
MPRegen 0.12/turn                (no ring)

@: no status effects
A: fangs 1, strong nose, distributed training
a: no special abilities


You were on level 4 of the Dungeon.
You visited 1 branch of the dungeon, and saw 4 of its levels.

You collected 188 gold pieces.

Inventory:

Hand Weapons
 a - a +0 short sword of venom (weapon)
 b - a +0 short sword of freezing
 A - a +0 dagger
Missiles
 e - 2 atropa-tipped darts
Armour
 c - a +0 robe
 g - a +0 cloak (worn)
 o - a +0 plate armour (worn)
 t - a +0 pair of gloves (worn)
Jewellery
 m - a ring of protection from fire (left hand)
 s - a ring of ice
Wands
 d - a wand of flame (7) (quivered)
Scrolls
 f - 2 scrolls of immolation {unknown}
 i - a scroll of fog {unknown}
 l - a scroll of poison {unknown}
 n - 3 scrolls of identify {unknown}
 p - 2 scrolls of fear {unknown}
 q - 2 scrolls of summoning {unknown}
 r - a scroll of vulnerability {unknown}
 w - a scroll of torment {unknown}
 x - a scroll of enchant armour {unknown}
 y - a scroll of brand weapon {unknown}
Potions
 h - a potion of berserk rage {unknown}
 j - a potion of degeneration {unknown}
 k - a potion of resistance {unknown}
 u - 2 potions of lignification {unknown}
 v - 2 potions of attraction
 z - 3 potions of brilliance {unknown}


   Skills:
 + Level 2.8 Fighting
 + Level 1.3 Short Blades
 + Level 1.3 Long Blades
 + Level 1.3 Axes
 + Level 1.3 Maces & Flails
 + Level 1.3 Polearms
 + Level 1.3 Staves
 + Level 1.3 Ranged Weapons
 + Level 2.8 Throwing
 + Level 1.3 Armour
 + Level 1.3 Dodging
 + Level 2.6 Stealth
 + Level 1.3 Shields
 + Level 1.3 Unarmed Combat
 + Level 5.1 Spellcasting
 + Level 1.0 Conjurations
 + Level 1.0 Hexes
 + Level 1.0 Summonings
 + Level 1.0 Necromancy
 + Level 1.0 Translocations
 + Level 1.0 Transmutations
 + Level 1.0 Fire Magic
 + Level 1.0 Ice Magic
 + Level 1.0 Air Magic
 + Level 1.0 Earth Magic
 + Level 3.9 Poison Magic
 + Level 3.0 Invocations
 + Level 4.7 Evocations


You had 13 spell levels left.
You didn't know any spells.
Your spell library contained the following spells:

 Spells                   Type           Power      Damage    Failure   Level
 Magic Dart               Conj           20%        1d4       100%        1
 Call Imp                 Summ           5%         N/A       100%        2
 Cigotuvi's Dreadful Rot  Necr/Pois/Air  14%        N/A       100%        2
 Poisonous Vapours        Pois/Air       16%        N/A       100%        2
 Mephitic Cloud           Conj/Pois/Air  7%         N/A       100%        3


Dungeon Overview and Level Annotations

Branches:
Dungeon (4/15)
 Temple: D:4-7

Altars:

Annotations:
D:2 1 runed translucent door, Crazy Yiuf, Sigmund


Innate Abilities, Weirdness & Mutations

You have very sharp teeth.
Your uncanny sense of smell can sniff out nearby items.
Your experience applies equally to all skills.


Message History

The adder is moderately wounded.
The adder bites you but does no damage. The adder bites you.
You are poisoned.
The adder poisons you!
You barely miss the adder.
The adder is moderately wounded.
You feel sick. The adder bites you but does no damage.
You hit the adder but do no damage.
The adder is heavily wounded.
You feel sick. The adder bites you but does no damage.
You barely miss the adder.
The adder is heavily wounded.
You feel sick. The adder bites you.
You feel sick. The adder bites you. The adder attacks as you move away!
The adder bites you but does no damage.
You feel sick.
You feel sick.
You are no longer poisoned.
You kill the adder!
Your Invocations skill increases to level 3!
There is a stone staircase leading up here.
You start resting.
HP restored.
Found a dagger.
You see here a +0 dagger.
An iguana comes into view.
Found a pair of embroidered gloves.
A sleepcap comes into view.
You hit the sleepcap but do no damage. The sleepcap releases spores at you.
You are engulfed in a cloud of soporific spores!
You fall asleep.
The sleepcap releases spores at you!
You wake up.
You hit the sleepcap but do no damage. The iguana bites you!
The sleepcap releases spores at you.
You hit the sleepcap but do no damage. You bite the sleepcap.
The sleepcap is lightly damaged.
The iguana bites you!
* * * LOW HITPOINT WARNING * * *
The sleepcap releases spores at you.
You die...

.# #..### .#
###..# #.#.
.# #..###
#.#.. .#
###..#
#l#..# .# ∆
#..###
#.#..# .#
###..##.#..#
#..##.#..#
###.l#f.#
#...@.#
###..#.# ∆
∆#..#.##
##..## +[##
###


You could see a sleepcap and an iguana.

Vanquished Creatures
  6 adders
  A white imp (D:3)
  A worm (D:2)
  An orc (D:3)
  4 bats
  3 endoplasms
  7 goblins
  3 hobgoblins
  4 kobolds
  4 quokkas
  3 ball pythons (D:2)
  3 frilled lizards
  2 rats
  A bush (D:2)
43 creatures vanquished.

Notes
Turn   | Place    | Note
-------+----------+-------------------------------------------
     0 | D:1      | Andrea the Gnoll Wanderer began the quest for the Orb.
     0 | D:1      | Andrea set off with the following items: a +0 dagger, 2
                  | potions of attraction, a +0 robe, a wand of flame (12); and
                  | the following spells available to memorise: Poisonous
                  | Vapours, Cigotuvi's Dreadful Rot.
     0 | D:1      | Reached XP level 1. HP: 17/17 MP: 6/6
   778 | D:2      | Reached XP level 2. HP: 22/23 MP: 7/7
   914 | D:2      | Noticed Sigmund
  2017 | D:2      | Found a runed translucent door.
  2018 | D:2      | Noticed Crazy Yiuf
  2048 | D:3      | Noticed an ogre
  2125 | D:3      | Reached skill level 5 in Spellcasting
  2125 | D:3      | Reached XP level 3. HP: 23/28 MP: 7/9
  2246 | D:3      | Reached skill level 1 in Short Blades
  2246 | D:3      | Reached skill level 1 in Long Blades
  2246 | D:3      | Reached skill level 1 in Axes
  2246 | D:3      | Reached skill level 1 in Maces & Flails
  2246 | D:3      | Reached skill level 1 in Polearms
  2246 | D:3      | Reached skill level 1 in Staves
  2246 | D:3      | Reached skill level 1 in Ranged Weapons
  2246 | D:3      | Reached skill level 1 in Armour
  2246 | D:3      | Reached skill level 1 in Dodging
  2246 | D:3      | Reached skill level 1 in Shields
  2246 | D:3      | Reached skill level 1 in Unarmed Combat
  2340 | D:3      | Reached XP level 4. HP: 34/34 MP: 11/11
  2707 | D:3      | Reached skill level 1 in Conjurations
  2707 | D:3      | Reached skill level 1 in Hexes
  2707 | D:3      | Reached skill level 1 in Summonings
  2707 | D:3      | Reached skill level 1 in Necromancy
  2707 | D:3      | Reached skill level 1 in Translocations
  2707 | D:3      | Reached skill level 1 in Transmutations
  2707 | D:3      | Reached skill level 1 in Fire Magic
  2707 | D:3      | Reached skill level 1 in Ice Magic
  2707 | D:3      | Reached skill level 1 in Air Magic
  2707 | D:3      | Reached skill level 1 in Earth Magic
  3295 | D:4      | Slain by a sleepcap

Illustrated notes

Levels and vault maps discovered:
D:1:      eino_arrival_water_star, layout_loops_ring, minmay_tromino_v2
D:2:      layout_basic, uniq_crazy_yiuf_cottage, uniq_sigmund
D:3:      layout_loops_ring, st_stairs_4, chequers_decorated_corner
D:4:      minmay_razor_zed, layout_loops_corners, minmay_temple_entry_trees,
          grunt_decor_mini_mirrors

Skill      XL: |  1  2  3  4 |
---------------+-------------+-----
Spellcasting   | 5 |  5.1
Short Blades   | 1 |  1.3
Long Blades    | 1 |  1.3
Axes           | 1 |  1.3
Maces & Flails | 1 |  1.3
Polearms       | 1 |  1.3
Staves         | 1 |  1.3
Ranged Weapons | 1 |  1.3
Armour         | 1 |  1.3
Dodging        | 1 |  1.3
Shields        | 1 |  1.3
Unarmed Combat | 1 |  1.3
Conjurations   | 1 |  1.0
Hexes          | 1 |  1.0
Summonings     | 1 |  1.0
Necromancy     | 1 |  1.0
Translocations | 1 |  1.0
Transmutations | 1 |  1.0
Fire Magic     | 1 |  1.0
Ice Magic      | 1 |  1.0
Air Magic      | 1 |  1.0
Earth Magic    | 1 |  1.0
Invocations    | 3 |  3.0
Fighting       | |  2.8
Throwing       | |  2.8
Stealth        | |  2.6
Poison Magic   | |  3.9
Evocations     | |  4.7

Action                     |  1- 3 |  4- 6 || total
---------------------------+-------+-------++-------
  Melee: Dagger            |    84 |       ||    84
         Bite              |    53 |     7 ||    60
         Short sword       |   289 |    76 ||   365
         Punch             |     7 |       ||     7
  Evoke: Wand              |     5 |       ||     5
   Stab: Sleeping          |     1 |       ||     1
 Armour: Ring mail         |     8 |       ||     8
         Plate armour      |    97 |    63 ||   160
  Dodge: Dodged            |    15 |     7 ||    22

Table legend: (Time is in decaauts)
 A = Elapsed time spent in this place.
 B = Non-inter-level travel time spent in this place.
 C = Inter-level travel time spent in this place.
 D = Time resting spent in this place.
 E = Time spent auto-exploring this place.
 F = Levels seen in this place.
 G = Mean time per level.
                   A        B        C        D        E       F      G
               +--------+--------+--------+--------+--------+-----+--------+
         Total |   3283 |   3083 |    200 |    367 |   1879 |   4 |  820.8 |
       Dungeon |   3283 |   3083 |    200 |    367 |   1879 |   4 |  820.8 |
               +--------+--------+--------+--------+--------+-----+--------+

Top non-repeatable levels by time:
     D:2: 1306 daAuts
     D:3: 1042 daAuts
     D:1: 802 daAuts
     D:4: 131 daAuts
